 Dungeon Crawl Stone Soup version 0.29-a0-266-gf56f883ddd (webtiles) character file.

Game seed: 14518607048994437131

44 spaghetti the Skirmisher (level 3, -10/27 HPs)
             Began as a Demonspawn Gladiator on Mar 6, 2022.
             Was a Follower of Hepliaklqana.
             Killed by divine providence
             ... invoked by an orc priest
              (12 damage)
             ... on level 2 of the Dungeon.
             The game lasted 00:02:11 (977 turns).

spaghetti the Skirmisher (Demonspawn Gladiator)      Turns: 977, Time: 00:02:12

Health: -10/27     AC:  5    Str: 14    XL:     3   Next: 41%
Magic:  3/3        EV: 12    Int:  9    God:    Hepliaklqana [*.....]
Gold:   128        SH:  0    Dex: 16    Spells: 2/2 levels left

rFire   . . .      SeeInvis .   a - +0 quarterstaff {staff}
rCold   . . .      Faith    .   (shield currently unavailable)
rNeg    . . .      Spirit   .   b - +0 leather armour
rPois   .          Reflect  .   c - +0 helmet
rElec   .          Harm     .   (no cloak)
rCorr   .          Rampage  .   j - +0 pair of gloves
Will    .....                   (no boots)
Stlth   +.........              (no amulet)
HPRegen 0.09/turn               (no ring)
MPRegen 0.08/turn               (no ring)

@: no status effects
A: reduced essence, demonic guardian 1, powered by death 1
a: Renounce Religion, Recall Ancestor, Ancestor Identity


You were on level 2 of the Dungeon.
You worshipped Hepliaklqana.
Hepliaklqana was aware of your devotion.
You visited 1 branch of the dungeon, and saw 2 of its levels.

You collected 128 gold pieces.


Innate Abilities, Weirdness & Mutations

Your life essence is reduced to manifest your ancestor. (-10% HP)
A weak demonic guardian rushes to your aid.
You regenerate a little health from kills.


   Skills:
 + Level 3.7 Fighting
 - Level 2.6 Staves
 - Level 1.7 Throwing
 + Level 2.8 Dodging


You had 2 spell levels left.
You didn't know any spells.
Your spell library was empty.

Inventory:

Hand Weapons
 a - a +0 quarterstaff (weapon) {staff}
Missiles
 d - 3 throwing nets {=f!fthrowing}
 e - a javelin (quivered) {throwing}
 g - 21 stones {throwing}
Armour
 b - a +0 leather armour (worn)
 c - a +0 helmet (worn)
 j - a +0 pair of gloves (worn)
   (You found it on level 2 of the Dungeon)
 k - a +0 hat
   (You found it on level 2 of the Dungeon)
Magical Staves
 i - a staff of poison {!astaff}
   (You found it on level 2 of the Dungeon)
Scrolls
 h - a scroll of teleportation {unknown}

Dungeon Overview and Level Annotations

Branches:
Dungeon (2/15)

Altars:
Hepliaklqana o.o

#. #J# #. ### # #5#
...[.#.# #R# #..#.#. #.#
#..... #.# #.##.# #.#
#.##†# #.###### #.##.# #
#....@.###.##.####
...######o..........#.#
..#.....o.o............#
.......5..######....###
#..#####..# ####.#
#...####..# #.#
#..#.....# #.#
#..#.##.## #.# #..#.##†#
########.#


You could see an orc priest and an orc.


Message History

Things that are here:
a +0 club {mace}; an orc corpse; a ball python corpse 😕 HP[-6]
You take 6 damage, and now have 20/26 hp.
MASSIVE DAMAGE!! (PAUSE)
You hit the orc.
The orc hits you with a +0 hand axe. 😮 HP[-3]
You take 3 damage, and now have 17/26 hp.
You hit the orc. The orc closely misses you. 😕 HP[+3]
You regained 3 hp, and now have 20/26 hp.
You hit the orc. The orc hits you with a +0 hand axe.
The orc hits you but does no damage.
The orc priest looks braver for a moment.
You swap places.
GREEE barely misses the orc.
The orc barely misses GREEE. 😕 HP[+1] GREEE closely misses the orc.
The orc hits GREEE with a +0 hand axe. 😕 HP[+1] GREEE hits the orc but does no damage.
The orc closely misses GREEE. 😕 HP[+1] GREEE barely misses the orc.
The orc completely misses GREEE. 😕 HP[+2]
You regained 2 hp, and now have 25/26 hp.
GREEE hits the orc but does no damage.
The orc hits GREEE with a +0 hand axe!
What are your orders? t - Shout!
Orders for allies: a - Attack new target. r - Retreat! s - Stop attacking. g - Guard the area. f - Follow me.
Anything else - Cancel.
Gang up on whom?
Press: ? - help, Dir - move target, f - orc
Aim: an orc, wielding a +0 hand axe and wearing a +0 leather armour (heavily wounded, ally target) Attack!
GREEE hits the orc.
The orc dies!
GREEE hits the ufetubus.
The ufetubus completely misses GREEE.
The ufetubus closely misses GREEE. 😎 HP[+1]
Your hp is fully restored (26).
GREEE has departed this plane of existence.
You start waiting.
An ufetubus is nearby!
You miss the ufetubus.
The ufetubus hits you but does no damage. x2
The ufetubus misses you.
The ufetubus hits you but does no damage.
You hit the ufetubus but do no damage. The ufetubus barely misses you.
The ufetubus hits you but does no damage.
You hit the ufetubus.
You kill the ufetubus! 😎 HP[+1]
You now have 27 max hp (+1).
Your hp is fully restored (27).
You hit the endoplasm. The endoplasm closely misses you.
You hit the endoplasm. The endoplasm misses you.
The endoplasm hits you but does no damage.
You sock the orc priest! The orc barely misses you. The endoplasm freezes you.
You are frozen.
The orc priest hits you but does no damage.
The orc hits you but does no damage. 😕 HP[-2]
You take 2 damage, and now have 25/27 hp.
You barely miss the orc priest. The endoplasm misses you. The orc misses you.
The orc priest closely misses you. The orc barely misses you.
You hit the endoplasm. The endoplasm freezes you.
You are frozen.
The orc priest misses you. The orc misses you. The orc closely misses you.
You sock the endoplasm!
You kill the endoplasm!
The orc priest hits you with a +0 whip. The orc hits you but does no damage.
The orc closely misses you. 😕 HP[-3]
You take 3 damage, and now have 22/27 hp.
You barely miss the orc priest. The orc hits you with a +0 flail.
The orc misses you. The orc priest closely misses you.
The orc hits you from afar with a +0 trident.
The orc hits you with a +0 flail.
* * * LOW HITPOINT WARNING * * *
The orc priest hits you with a +0 whip.
* * * LOW HITPOINT WARNING * * *
😨 HP[-12]
You take 12 damage, and now have 10/27 hp.
MASSIVE DAMAGE!! (PAUSE)
The orc attacks as you move away! The orc hits you with a +0 flail.
* * * LOW HITPOINT WARNING * * *
The orc priest closely misses you. 😨 HP[-3]
You take 3 damage, and now have 7/27 hp.
Okay, then.
Okay, then.
It was a potion of magic.
Magic courses through your body. The orc priest hits you with a +0 whip.
* * * LOW HITPOINT WARNING * * *
A demonic guardian appears!
The orc hits you but does no damage. x2 😱 HP[-5]
You take 5 damage, and now have 2/27 hp.
The orc priest mumbles some strange prayers to Beogh against you.
Beogh smites you!
You die...

Skill      XL: |  1  2 |
---------------+-------+-----
Fighting       | 3 |  3.7
Staves         | |  2.6
Throwing       | |  1.7
Dodging        | |  2.8

Action                   || total
-------------------------++-------
Melee: Quarterstaff      ||    81
Invok: Ancestor Identity ||     1
  Use: Potion            ||     1
 Stab: Sleeping          ||     2
Armor: Leather armour    ||    36
Dodge: Dodged            ||    71

Levels and vault maps discovered:
D:1:      dpeg_arrival_arbitrary_c, layout_loops_ring,
          ebering_ecumenical_altar_mist
D:2:      layout_loops_ring, dk_vineyard_2, kennysheep_cluttered_room

Notes
Turn   | Place    | Note
-------+----------+-------------------------------------------
     0 | D:1      | spaghetti the Demonspawn Gladiator began the quest for the
                  | Orb.
     0 | D:1      | Reached XP level 1. HP: 16/16 MP: 1/1
     0 | D:1      | magus.rc [v1.9.6]
    88 | D:1      | Gained mutation: A weak demonic guardian rushes to your
                  | aid. [demonic ancestry]
    88 | D:1      | Reached XP level 2. HP: 16/23 MP: 2/2
   261 | D:1      | Reached skill level 3 in Fighting
   265 | D:1      | Found a faded altar of an unknown god.
   342 | D:1      | Prayed at the altar of an unknown god.
   342 | D:1      | Became a worshipper of Hepliaklqana the Forgotten
   342 | D:1      | Reached * piety under Hepliaklqana
   641 | D:1      | Gained mutation: You regenerate a little health from kills.
                  | [demonic ancestry]
   641 | D:1      | Reached XP level 3. HP: 24/26 MP: 3/3
   974 | D:2      | HP: 6/27 [orc/+0 flail (4)]
   975 | D:2      | HP: 2/27 [orc priest/+0 whip (5)]
   977 | D:2      | Killed from afar by an orc priest

Vanquished Creatures
  An ufetubus (D:2)
  A dart slug (D:1)
  An orc (D:2)
  4 bats (D:1)
  2 endoplasms
  A giant cockroach (D:1)
  3 goblins (D:1)
  A hobgoblin (D:1)
  3 kobolds (D:1)
  3 quokkas (D:1)
  5 ball pythons
  2 frilled lizards
27 creatures vanquished.

Vanquished Creatures (collateral kills)
  A dart slug (D:1)
  An orc (D:2)
  An endoplasm (D:1)
3 creatures vanquished.

Vanquished Creatures (others)
  2 ancestors
2 creatures vanquished.

Grand Total: 32 creatures vanquished

Table legend:
 A = Non-vault XP
 B = Vault XP
 C = Vault XP percentage of total XP
 D = Non-vault monster count
 E = Vault monster count
 F = Vault count percentage of total count
                 A         B        C        D         E       F
            +---------+---------+-------+---------+---------+-------
      Total |      64 |       0 |   0.0 |      30 |       0 |   0.0
            +---------+---------+-------+---------+---------+-------
        D:1 |      44 |       0 |   0.0 |      23 |       0 |   0.0
        D:2 |      20 |       0 |   0.0 |       7 |       0 |   0.0
            +---------+---------+-------+---------+---------+-------

Illustrated notes

Table legend:
 A = Kills in this place as a percentage of kills in entire the game.
 B = Kills by you in this place as a percentage of kills by you in the entire game.
 C = Kills by friends in this place as a percentage of kills by friends in the entire game.
 D = Other kills in this place as a percentage of other kills in the entire game.
 E = Experience gained in this place as a percentage of experience gained in the entire game.
 F = Experience gained in this place divided by the number of levels of this place that you have seen.
                   A       B       C       D       E      F
               +-------+-------+-------+-------+-------+----------------------
         Total | 100.0 | 100.0 | 100.0 |   N/A | 100.0 |  32.0
       Dungeon | 100.0 | 100.0 | 100.0 |   N/A | 100.0 |  32.0
               +-------+-------+-------+-------+-------+----------------------

Table legend: (Time is in decaauts)
 A = Elapsed time spent in this place.
 B = Non-inter-level travel time spent in this place.
 C = Inter-level travel time spent in this place.
 D = Time resting spent in this place.
 E = Time spent auto-exploring this place.
 F = Levels seen in this place.
 G = Mean time per level.
                   A        B        C        D        E       F      G
               +--------+--------+--------+--------+--------+-----+--------+
         Total |    990 |    978 |     12 |     91 |    653 |   2 |  495.0 |
       Dungeon |    990 |    978 |     12 |     91 |    653 |   2 |  495.0 |
               +--------+--------+--------+--------+--------+-----+--------+

Top non-repeatable levels by time:
     D:1: 831 daAuts
     D:2: 158 daAuts
